[Event "Late-Titled-Tuesday-Blitz-April-02-2024"]
[Site "Chess.com"]
[Date "2024.04.02"]
[Round "4"]
[White "Janh4"]
[Black "NovakRatko"]
[Result "0-1"]
[WhiteElo "2174"]
[BlackElo "2441"]
[TimeControl "180+1"]
[EndTime "14:32:44 PDT"]
[Termination "NovakRatko won by resignation"]

1. d4 d5 2. Nc3 c5 3. e4 dxe4 4. d5 Nf6 5. Bf4 a6 6. Nge2 e6 7.
dxe6 Qxd1+ 8. Rxd1 Bxe6 9. Ng3 Nc6 10. Ngxe4 Nxe4 11. Nxe4 Bxa2 12. Nxc5 Bxc5 13. b3 Nb4 14. Kd2 0-1

[Event "Late-Titled-Tuesday-Blitz-April-02-2024"]
[Site "Chess.com"]
[Date "2024.04.02"]
[Round "4"]
[White "Ar4uha"]
[Black "Zhigalko_Sergei"]
[Result "0-1"]
[WhiteElo "2594"]
[BlackElo "2877"]
[TimeControl "180+1"]
[EndTime "14:32:51 PDT"]
[Termination "Zhigalko_Sergei won by resignation"]

1. e4 c5 2. Nf3 Nc6 3. Bb5 Nf6 4. Nc3 Qc7 5. O-O Nd4 6. Bc4 e6 7. d3 a6 8. a4 Be7 9. h3 O-O 10. Be3 Nc6 11. Re1 d6 12. Qd2 Rb8 13. Bf4 Nd7 14.
Bg5 Nde5 15. Bxe7 Nxf3+ 16. gxf3 Qxe7 17. f4 Nd4 18. Re3 Qh4 19. Rg3 Qxg3+ 0-1

[Event "Late-Titled-Tuesday-Blitz-April-02-2024"]
[Site "Chess.com"]
[Date "2024.04.02"]
[Round "4"]
[White "martinez_95"]
[Black "Fengwi"]
[Result "0-1"]
[WhiteElo "2154"]
[BlackElo "2435"]
[TimeControl "180+1"]
[EndTime "14:33:07 PDT"]
[Termination "Fengwi won by checkmate"]

1. e4 c5 2. Nf3 Nc6 3. d4 cxd4 4. Nxd4 g6 5. Nc3 Bg7 6. Be3 Nf6 7. h4 O-O 8. Be2 d5 9. Nxc6 bxc6 10. e5 Ne8 11. f4 f6 12. h5 fxe5 13. hxg6 exf4 14.
Rxh7 fxe3 15. Nxd5 Qxd5 16. Bc4 Qxc4 17. Qh5 Rf1# 0-1

[Event "Late-Titled-Tuesday-Blitz-April-02-2024"]
[Site "Chess.com"]
[Date "2024.04.02"]
[Round "4"]
[White "Crazy_girl99"]
[Black "Groetzi"]
[Result "1-0"]
[WhiteElo "2626"]
[BlackElo "2396"]
[TimeControl "180+1"]
[EndTime "14:33:08 PDT"]
[Termination "Crazy_girl99 won by resignation"]

1. e4 d5 2. exd5 Qxd5 3. Nc3 Qd6 4. Bc4 Nf6 5. Nge2 c5 6. d3 a6 7. Bf4 e5 8. Bg3 b5 9. Bb3 b4 10. Ne4 Nxe4 11. dxe4 Qxd1+ 12. Rxd1 f6 13. f4 exf4 14.
Nxf4 Bg4 15. Rd2 Nd7 16. h3 g5 17. Nd5 1-0

[Event "Late-Titled-Tuesday-Blitz-April-02-2024"]
[Site "Chess.com"]
[Date "2024.04.02"]
[Round "4"]
[White "giomar27"]
[Black "teresin05"]
[Result "1-0"]
[WhiteElo "2469"]
[BlackElo "2279"]
[TimeControl "180+1"]
[EndTime "14:33:18 PDT"]
[Termination "giomar27 won by checkmate"]

1. d4 d5 2. Nc3 Nf6 3. Bf4 Bf5 4. f3 a6 5. g4 Bg6 6. h4 h6 7. e3 e6 8. Bd3 Bxd3 9. Qxd3 Nbd7 10. Nge2 c5 11.
O-O-O c4 12. Qd2 b5 13. g5 hxg5 14. hxg5 Rxh1 15. Rxh1 Ng8 16. Ng3 Ne7 17. e4 b4 18.
Nce2 Nb6 19. Kb1 a5 20. Nh5 g6 21. Nf6# 1-0

[Event "Late-Titled-Tuesday-Blitz-April-02-2024"]
[Site "Chess.com"]
[Date "2024.04.02"]
[Round "4"]
[White "Onthequiet"]
[Black "akanga001"]
[Result "1-0"]
[WhiteElo "2429"]
[BlackElo "2144"]
[TimeControl "180+1"]
[EndTime "14:33:19 PDT"]
[Termination "Onthequiet won by resignation"]

1. d4 d5 2. Nf3 Nf6 3. c4 dxc4 4. e3 e6 5. Bxc4 c5 6. O-O a6 7. b3 b5 8. Bd3 Bb7 9. Bb2 Nbd7 10. Nbd2 Rc8 11.
Qe2 Be7 12. a4 b4 13. Bxa6 Qb6 14. Bxb7 Qxb7 15. Rac1 O-O 16. Nc4 cxd4 17. Bxd4 Nd5 18. Qb2 Bf6 19. Nd6 Qb8 20. Nxc8 Rxc8 21. Rxc8+ Qxc8 22. Rc1 Qb7 23. Rc4 Bxd4 24. Qxd4 Nc3 25. Rxb4 Ne2+ 26.
Kf1 Nxd4 27. Rxb7 Nxf3 28. gxf3 Nf8 29. a5 1-0

[Event "Late-Titled-Tuesday-Blitz-April-02-2024"]
[Site "Chess.com"]
[Date "2024.04.02"]
[Round "4"]
[White "javierfreilemartin"]
[Black "Savagelittlemole"]
[Result "0-1"]
[WhiteElo "2298"]
[BlackElo "2498"]
[TimeControl "180+1"]
[EndTime "14:33:40 PDT"]
[Termination "Savagelittlemole won by resignation"]

1. c4 g6 2. d4 Bg7 3. e4 c5 4. d5 e6 5. Nc3 exd5 6. exd5 d6 7. Nf3 Nf6 8. h3 O-O 9. Bd3 Re8+ 10. Be3 Bh6 11. O-O Bxe3 12. fxe3 Qe7 13. e4 a6 14. Qd2 Nbd7 15. Rae1 Nh5 16. e5 Nxe5 17.
Nxe5 dxe5 18. Ne4 Bf5 19. d6 Qe6 20. Rxf5 gxf5 21. Ng5 Qxd6 22. g4 Nf4 0-1

[Event "Late-Titled-Tuesday-Blitz-April-02-2024"]
[Site "Chess.com"]
[Date "2024.04.02"]
[Round "4"]
[White "MoldyTofu"]
[Black "Mariia89"]
[Result "0-1"]
[WhiteElo "2056"]
[BlackElo "2280"]
[TimeControl "180+1"]
[EndTime "14:33:48 PDT"]
[Termination "Mariia89 won by resignation"]

1. b3 c5 2. Bb2 Nc6 3. e3 Nf6 4. d4 cxd4 5. exd4 d5 6. Nf3 Bg4 7. Be2 e6 8. h3 Bh5 9. Nbd2 Bd6 10. c4 O-O 11. O-O Rc8 12. Ne5 Bxe2 13. Qxe2 Bb8 14. Rad1 dxc4 15. Ndxc4 b5 16. Nxc6 Rxc6 17. Ne5 Bxe5 18. dxe5 Nd5 19. Qxb5 Rc2 20. Rb1 Qg5 21. Rfc1 Rxb2 0-1

[Event "Late-Titled-Tuesday-Blitz-April-02-2024"]
[Site "Chess.com"]
[Date "2024.04.02"]
[Round "4"]
[White "GAusal"]
[Black "Slovineanu"]
[Result "0-1"]
[WhiteElo "2266"]
[BlackElo "2467"]
[TimeControl "180+1"]
[EndTime "14:33:56 PDT"]
[Termination "Slovineanu won by resignation"]

1. d4 Nf6 2. Nf3 d5 3. Bf4 e6 4. e3 c5 5. c3 Bd6 6. Bxd6 Qxd6 7. Nbd2 O-O 8. Ne5 Nbd7 9. f4 Rb8 10. Bd3 b5 11.
Ndf3 b4 12. O-O bxc3 13. bxc3 cxd4 14. cxd4 Ba6 15. Bxa6 Qxa6 16. Nxd7 Nxd7 17. Ne5 Nf6 18. Qf3 Rb2 19. Qg3 Rc8 20. Qh4 Rcc2 21. g4 Qe2 22.
Qg3 Qg2+ 23. Qxg2 Rxg2+ 24. Kh1 Rxh2+ 0-1

[Event "Late-Titled-Tuesday-Blitz-April-02-2024"]
[Site "Chess.com"]
[Date "2024.04.02"]
[Round "4"]
[White "ansko1999"]
[Black "tgpgoat"]
[Result "1-0"]
[WhiteElo "2628"]
[BlackElo "2438"]
[TimeControl "180+1"]
[EndTime "14:34:16 PDT"]
[Termination "ansko1999 won by checkmate"]

1. c4 e6 2. Nf3 Nf6 3. g3 d5 4.
Bg2 Be7 5. O-O O-O 6. d4 dxc4 7. Ne5 Nc6 8. Bxc6 bxc6 9. Nxc6 Qd7 10. Nxe7+ Qxe7 11. Qa4 Bb7 12. Qxc4 Rfd8 13. Bg5 h6 14. Bxf6 Qxf6 15. Rd1 Rac8 16. Nc3 Qe7 17. e4 c5 18.
d5 exd5 19. Nxd5 Bxd5 20. Rxd5 Qf6 21. Qc3 Qxc3 22. bxc3 Rxd5 23. exd5 c4 24. Rb1 Kf8 25. Rb7 Rc5 26. d6 Rd5 27. Rb8# 1-0

[Event "Late-Titled-Tuesday-Blitz-April-02-2024"]
[Site "Chess.com"]
[Date "2024.04.02"]
[Round "4"]
[White "RichardShtivelband"]
[Black "Danishcrown"]
[Result "1-0"]
[WhiteElo "2295"]
[BlackElo "2454"]
[TimeControl "180+1"]
[EndTime "14:34:30 PDT"]
[Termination "RichardShtivelband won by resignation"]

1. d4 d5 2. c4 e6 3. Nf3 Nf6 4.
g3 Be7 5. Bg2 O-O 6. O-O c6 7.
Qc2 Ne4 8. Ne5 f6 9. Nd3 dxc4 10. Bxe4 cxd3 11. Qxd3 f5 12. Bg2 Bf6 13. Rd1 Nd7 14. Nc3 Qe7 15. e4 e5 16. d5 fxe4 17.
Bxe4 g6 18. dxc6 bxc6 19. Bxc6 Rb8 20. Bxd7 Rd8 21. Qc4+ Kg7 22. Bxc8 Rbxc8 23. Qe2 e4 24. Be3 1-0

[Event "Late-Titled-Tuesday-Blitz-April-02-2024"]
[Site "Chess.com"]
[Date "2024.04.02"]
[Round "4"]
[White "burritus"]
[Black "DraningWaterHi"]
[Result "1-0"]
[WhiteElo "2433"]
[BlackElo "2284"]
[TimeControl "180+1"]
[EndTime "14:34:37 PDT"]
[Termination "burritus won by checkmate"]

1. c4 Nf6 2. g3 g6 3. Bg2 Bg7 4. Nf3 O-O 5. d4 d6 6. O-O Nc6 7. Nc3 a6 8. d5 Na5 9. b3 c5 10. dxc6 Nxc6 11. Bb2 Qa5 12. Qc1 Bf5 13. Rd1 Rfc8 14.
Nd5 Nxd5 15. Rxd5 Bxb2 16. Qxb2 Qc7 17. Rad1 Be6 18. R5d2 Rab8 19. Ng5 Bd7 20. Bd5 Nd8 21. Qd4 Bc6 22. Qh4 h5 23. g4 Bxd5 24. Rxd5 f6 25. Nf3 hxg4 26. Qxg4 Kf7 27. Nh4 g5 28. Qh5+ Kg8 29.
Qg6+ Kf8 30. Nf5 Ne6 31. R1d3 Nf4 32. Qg7+ Ke8 33. Nxd6+ exd6 34. Re3+ Kd8 35. Qxf6+ Kd7 36. Re7+ Kc6 37. Rxc7+ Rxc7 38. Qxd6# 1-0

[Event "Late-Titled-Tuesday-Blitz-April-02-2024"]
[Site "Chess.com"]
[Date "2024.04.02"]
[Round "4"]
[White "chessisveryfun1264"]
[Black "Kirill_Klukin"]
[Result "0-1"]
[WhiteElo "2504"]
[BlackElo "2797"]
[TimeControl "180+1"]
[EndTime "14:34:38 PDT"]
[Termination "Kirill_Klukin won by resignation"]

1. Nf3 Nf6 2. g3 d5 3. Bg2 Bf5 4. O-O e6 5. d4 c6 6. c4 Nbd7 7. b3 Bd6 8. Bb2 O-O 9. Nc3 Qe7 10. Nd2 Rad8 11. e4 dxe4 12. Ndxe4 Nxe4 13. Nxe4 Ba3 14. Bc3 Nf6 15. Nxf6+ Qxf6 16. Qf3 Qg6 17. h3 e5 18. d5 cxd5 19. cxd5 Bd3 20. Rfd1 e4 21. Qe3 Rxd5 22.
Qxa7 Bc5 23. Qxb7 Rf5 24. Be1 Qxg3 25. Rd2 Rg5 0-1

[Event "Late-Titled-Tuesday-Blitz-April-02-2024"]
[Site "Chess.com"]
[Date "2024.04.02"]
[Round "4"]
[White "Flaccidmoves"]
[Black "cthake"]
[Result "1-0"]
[WhiteElo "2412"]
[BlackElo "1824"]
[TimeControl "180+1"]
[EndTime "14:34:40 PDT"]
[Termination "Flaccidmoves won by resignation"]

1. c4 e5 2. Nc3 Nc6 3. e3 g6 4. d4 Bg7 5. d5 Nce7 6. d6 cxd6 7. Nb5 d5 8. Nd6+ Kf8 9. cxd5 Qa5+ 10. Bd2 Qxd5 11. Bb4 Qxd1+ 12. Rxd1 a5 13. Ba3 Nf6 14.
Bc4 b5 15. Bxb5 Ba6 16. Bxa6 Rxa6 17. Nc8 Nd5 18. Rxd5 1-0

[Event "Late-Titled-Tuesday-Blitz-April-02-2024"]
[Site "Chess.com"]
[Date "2024.04.02"]
[Round "4"]
[White "CURRUTACO59"]
[Black "PNEPaul"]
[Result "1-0"]
[WhiteElo "2257"]
[BlackElo "1961"]
[TimeControl "180+1"]
[EndTime "14:34:42 PDT"]
[Termination "CURRUTACO59 won by resignation"]

1. Nf3 a6 2. d4 d6 3. c4 g6 4.
Nc3 Bg7 5. e4 h6 6. g3 Nd7 7.
Bg2 e6 8. O-O Ne7 9. Be3 O-O 10.
Qd2 Kh7 11. Rad1 Nf6 12. h3 c6 13. e5 Ne8 14. Qc2 d5 15. c5 Bd7 16. g4 Qc7 17. Rfe1 b5 18. cxb6 Qxb6 19. Na4 Qc7 20. Rc1 Nc8 21.
b3 Na7 22. Nc5 Rc8 23. Nxa6 Qa5 24. Nc5 Nb5 25. Nxd7 1-0

[Event "Late-Titled-Tuesday-Blitz-April-02-2024"]
[Site "Chess.com"]
[Date "2024.04.02"]
[Round "4"]
[White "GaiozNigalidze"]
[Black "vladgoncharov"]
[Result "1-0"]
[WhiteElo "2723"]
[BlackElo "2561"]
[TimeControl "180+1"]
[EndTime "14:34:50 PDT"]
[Termination "GaiozNigalidze won by resignation"]

1. e4 e6 2. d4 d5 3. e5 c5 4. c3 Nc6 5. Nf3 Nge7 6. Bb5 Bd7 7. Be2 Nf5 8. dxc5 Nh4 9. Nbd2 Nxg2+ 10. Kf1 Nh4 11. b4 Ng6 12. c4 Ncxe5 13. cxd5 exd5 14. Bb2 Nxf3 15. Nxf3 f6 16. Qd4 a6 17. h4 Ne7 18.
h5 Be6 19. h6 Kf7 20. hxg7 Bxg7 21. Ng5+ 1-0

[Event "Late-Titled-Tuesday-Blitz-April-02-2024"]
[Site "Chess.com"]
[Date "2024.04.02"]
[Round "4"]
[White "Evgeny81"]
[Black "Kotlyar_K"]
[Result "0-1"]
[WhiteElo "2747"]
[BlackElo "2591"]
[TimeControl "180+1"]
[EndTime "14:35:05 PDT"]
[Termination "Kotlyar_K won by resignation"]

1. e4 e5 2. Nf3 Nc6 3. Bb5 a6 4. Ba4 Nf6 5. O-O Be7 6. Re1 b5 7. Bb3 O-O 8. c3 d5 9. exd5 Nxd5 10.
Nxe5 Nxe5 11. Rxe5 c6 12. Bxd5 cxd5 13. d4 Bd6 14.
Re1 Qh4 15. g3 Qh3 16. Qf3 Bf5 17. Qg2 Qh5 18. Qxd5 Rad8 19. Qg2 Rfe8 20. Be3 Be4 21. f3 Bxf3 22. Qf1 Bb7 23. c4 Bxg3 24. Qe2 Rxe3 0-1

[Event "Late-Titled-Tuesday-Blitz-April-02-2024"]
[Site "Chess.com"]
[Date "2024.04.02"]
[Round "4"]
[White "Narek_Ghimoyan"]
[Black "lcmil"]
[Result "1-0"]
[WhiteElo "2465"]
[BlackElo "2265"]
[TimeControl "180+1"]
[EndTime "14:35:06 PDT"]
[Termination "Narek_Ghimoyan won by resignation"]

1. d4 Nf6 2. c4 g6 3. Nc3 Bg7 4. Nf3 d6 5. g3 O-O 6. Bg2 Nc6 7.
d5 Na5 8. b3 c5 9. Bb2 a6 10. O-O Rb8 11. Qc2 b5 12. Nd2 Bf5 13. e4 Bd7 14. Rab1 h5 15. h3 e6 16. Rfe1 exd5 17.
exd5 bxc4 18. bxc4 Re8 19. Ba1 Bf5 20. Nce4 Nxe4 21. Nxe4 Rxb1 22. Rxb1 Bxa1 23. Rxa1 Bxe4 24. Bxe4 Qf6 25. Rc1 Qd4 26. Bf3 Rb8 27. Qc3 Rb2 28. Qxd4 cxd4 29. c5 dxc5 30. d6 Kf8 31. Rxc5 1-0

[Event "Late-Titled-Tuesday-Blitz-April-02-2024"]
[Site "Chess.com"]
[Date "2024.04.02"]
[Round "4"]
[White "simaopdias"]
[Black "slidingknight2775"]
[Result "0-1"]
[WhiteElo "2318"]
[BlackElo "2590"]
[TimeControl "180+1"]
[EndTime "14:35:07 PDT"]
[Termination "slidingknight2775 won by resignation"]

1. e4 c5 2. Nf3 d6 3. d4 cxd4 4. Nxd4 Nf6 5. Nc3 a6 6. Be2 e5 7.
Nb3 Be6 8. Be3 Nbd7 9. O-O b5 10. a3 Be7 11. Qd2 Rc8 12. f3 O-O 13. Rad1 Qc7 14. Rfe1 Rfd8 15. Bf1 Nb6 16. Bxb6 Qxb6+ 17. Qf2 Qc7 18. Kh1 g6 19. Rd2 d5 20. exd5 Nxd5 21.
Nxd5 Rxd5 22. Bd3 Rcd8 23. Red1 Bg5 24. Re2 Rxd3 25. Rxd3 Rxd3 26. cxd3 Bxb3 27. g3 Be6 28. Kg2 h5 29. Rc2 Qd7 30. Qe2 Bh3+ 31. Kg1 Qd4+ 32. Kh1 Bf5 0-1

[Event "Late-Titled-Tuesday-Blitz-April-02-2024"]
[Site "Chess.com"]
[Date "2024.04.02"]
[Round "4"]
[White "Happy1712Drummer"]
[Black "PetrolulSah"]
[Result "1-0"]
[WhiteElo "2459"]
[BlackElo "2229"]
[TimeControl "180+1"]
[EndTime "14:35:10 PDT"]
[Termination "Happy1712Drummer won by resignation"]

1. b3 Nf6 2. Bb2 g6 3. Bxf6 exf6 4. c4 f5 5. Nc3 Bg7 6. Rc1 O-O 7. g3 h5 8. h4 d6 9. Bg2 c6 10. e3 Nd7 11. Nge2 Nf6 12. d4 Re8 13. O-O Ne4 14. Qd3 d5 15. cxd5 cxd5 16. Qb5 Be6 17. Qxb7 Qa5 18.
Qb5 Qd8 19. Nf4 Qd6 20. Ncxd5 Reb8 21. Qc6 Bf8 22. Qxd6 Bxd6 23. Nxe6 fxe6 24. Bxe4 fxe4 25.
Nc3 Rc8 26. Nxe4 Ba3 27. Rc4 a5 28. Ng5 e5 29. dxe5 Rxc4 30. bxc4 Rc8 31. Rb1 Rxc4 32. Rb8+ Kg7 33. Rb7+ Kg8 34. Nh7 Bb2 35. Nf6+ Kf8 36.
Rxb2 1-0

[Event "Late-Titled-Tuesday-Blitz-April-02-2024"]
[Site "Chess.com"]
[Date "2024.04.02"]
[Round "4"]
[White "Hamisandwich"]
[Black "guillembaches"]
[Result "1/2-1/2"]
[WhiteElo "2703"]
[BlackElo "2567"]
[TimeControl "180+1"]
[EndTime "14:35:15 PDT"]
[Termination "Game drawn by repetition"]

1. b3 d5 2. Bb2 Bf5 3. d3 e6 4.
Nd2 Nf6 5. g3 h6 6. Bg2 Bh7 7.
Ngf3 c6 8. O-O a5 9. a4 Bb4 10. Ne5 O-O 11. Ndf3 Nbd7 12. Nxd7 Nxd7 13. Qc1 Bd6 14. Rd1 Qe7 15. Nd2 f5 16. e4 fxe4 17. dxe4 Bc5 18. Rf1 Nf6 19. Ba3 Ng4 20. Bf3 Ne5 21. Bg2 Ng4 22. Bf3 Ne5 23. Bg2 Ng4 1/2-1/2

[Event "Late-Titled-Tuesday-Blitz-April-02-2024"]
[Site "Chess.com"]
[Date "2024.04.02"]
[Round "4"]
[White "PonyQueen07"]
[Black "Sina_Movahed"]
[Result "0-1"]
[WhiteElo "2299"]
[BlackElo "2968"]
[TimeControl "180+1"]
[EndTime "14:35:20 PDT"]
[Termination "Sina_Movahed won by checkmate"]

1. c4 Nf6 2. Nc3 g6 3. g3 Bg7 4. Bg2 O-O 5. e4 d6 6. Nge2 e5 7. O-O Nc6 8. d3 Bg4 9. h3 Bxe2 10. Nxe2 Nd7 11. f4 exf4 12. Nxf4 Nc5 13. Rb1 Ne6 14. Nxe6 fxe6 15. Be3 Bd4 16. Qe2 Qg5 17. Bxd4 Nxd4 18.
Qg4 Qe3+ 19. Kh2 Qxd3 20. Rbd1 Qxc4 21. b3 Qc5 22. Rxf8+ Rxf8 23. Re1 Rf2 24. Rg1 Nf3+ 25. Kh1 Nxg1 26. Kxg1 Rf4+ 27. Kh2 Rxg4 28. hxg4 Qc2 29. Kh3 Qxa2 30. Bf3 Qxb3 31. Bg2 a5 32. Bh1 a4 33.
Bg2 a3 34. e5 d5 35. g5 a2 36.
Kh4 a1=Q 37. Bh3 Qxe5 38. g4 Qbe3 39. Bg2 Kg7 40. Bxd5 Q5xg5# 0-1

[Event "Late-Titled-Tuesday-Blitz-April-02-2024"]
[Site "Chess.com"]
[Date "2024.04.02"]
[Round "4"]
[White "Practical-Play"]
[Black "jinxy2009"]
[Result "1-0"]
[WhiteElo "2489"]
[BlackElo "2297"]
[TimeControl "180+1"]
[EndTime "14:35:28 PDT"]
[Termination "Practical-Play won by resignation"]

1. e4 c5 2. c3 Nf6 3. e5 Nd5 4. d4 cxd4 5. Nf3 Nc6 6. Bc4 Nb6 7. Bb3 d5 8. exd6 Qxd6 9. O-O Be6 10. Na3 Bxb3 11.
Qxb3 Qd5 12. Nb5 Qxb3 13. axb3 O-O-O 14. Ng5 a6 15. Nxd4 Nxd4 16. cxd4 Rxd4 17. Be3 Rb4 18. Nxf7 Rg8 19. Rfd1 e6 20. Rd8+ Kc7 21. Rc1+ Nc4 22. Rxc4+ Rxc4 23. bxc4 b6 24. Bf4+ Kc6 25. Bd6 1-0

[Event "Late-Titled-Tuesday-Blitz-April-02-2024"]
[Site "Chess.com"]
[Date "2024.04.02"]
[Round "4"]
[White "giovannibrandao7"]
[Black "Duhless"]
[Result "0-1"]
[WhiteElo "2162"]
[BlackElo "3090"]
[TimeControl "180+1"]
[EndTime "14:35:28 PDT"]
[Termination "Duhless won on time"]

1. e4 Nc6 2. d4 d5 3. e5 Bf5 4. c3 e6 5. f4 f6 6. Nf3 Nge7 7. Bd3 Qd7 8. O-O O-O-O 9. a4 Bxd3 10.
Qxd3 Nf5 11. a5 a6 12. b4 fxe5 13. fxe5 Na7 14. Ng5 g6 15. g4 Nh6 16. Rf6 Be7 17. Nf7 Bxf6 18. Nxd8 Bg7 19. Nxb7 Kxb7 20. Na3 Nxg4 21. h3 Nh6 22. Bg5 Nf5 23. Rb1 Nb5 24. Nxb5 Qxb5 25. Qxb5+ axb5 26. Kg2 Rf8 27. Bd2 Nh4+ 28.
Kg3 Nf5+ 29. Kg2 Bh6 30. Bxh6 Nxh6 31. Rf1 Nf5 32. Rf4 Ne3+ 33. Kg3 Rxf4 34. Kxf4 Nd1 35. Kg5 Nxc3 36. Kh6 Ne2 37. Kxh7 Nxd4 38. Kxg6 Nf3 39. Kh5 d4 40. Kg4 Nxe5+ 41. Kf4 Ng6+ 42. Ke4 e5 0-1

[Event "Late-Titled-Tuesday-Blitz-April-02-2024"]
[Site "Chess.com"]
[Date "2024.04.02"]
[Round "4"]
[White "romulocardoso"]
[Black "rikchessmx"]
[Result "0-1"]
[WhiteElo "2402"]
[BlackElo "2236"]
[TimeControl "180+1"]
[EndTime "14:35:31 PDT"]
[Termination "rikchessmx won by resignation"]

1. e4 c5 2. Nf3 e6 3. d4 cxd4 4. Nxd4 a6 5. Bd3 Qc7 6. O-O Nf6 7. Re1 h5 8. e5 Ng4 9. Bf4 Bc5 10. c3 Nc6 11. h3 Nh6 12. Nb3 Be7 13. Qxh5 b5 14. g4 g6 15. Bxg6 fxg6 16. Qxg6+ Nf7 17. N1d2 Bb7 18. Ne4 O-O-O 19. Qxf7 Rdf8 20. Nd6+ Bxd6 21. exd6 Qd8 22. Qg6 Rxf4 23. Nc5 Rg8 24. Qh7 Rh8 25. Qd3 Qb6 26. b4 Rxg4+ 27. hxg4 Nxb4 0-1

[Event "Late-Titled-Tuesday-Blitz-April-02-2024"]
[Site "Chess.com"]
[Date "2024.04.02"]
[Round "4"]
[White "Pingah9"]
[Black "DrKerfuffle"]
[Result "0-1"]
[WhiteElo "2579"]
[BlackElo "2783"]
[TimeControl "180+1"]
[EndTime "14:35:35 PDT"]
[Termination "DrKerfuffle won by resignation"]

1. e4 c5 2. Nc3 a6 3. g3 b5 4. Bg2 Bb7 5. d3 b4 6. Nce2 Nc6 7. Nh3 e6 8. Be3 h5 9. Qd2 h4 10. f4 Nf6 11. e5 Ng4 12. Bg1 d6 13. exd6 Bxd6 14.
Ng5 hxg3 15. hxg3 Rxh1 16. Bxh1 Qc7 17. Ne4 O-O-O 18. Nxc5 Bxc5 19. Bxc5 a5 20. O-O-O Rh8 21. Bf3 Nf6 22. Rh1 Rxh1+ 23. Bxh1 Ne7 24. Bxb7+ Kxb7 25. Bxe7 Qxe7 26. Qe3 Nd5 27. Qe4 Qc5 28. Kd2 Kb6 29. c4 bxc3+ 30. bxc3 Qa3 31. Qc4 Qb2+ 32. Ke1 Kb7 33. f5 a4 34. fxe6 fxe6 35. Qxa4 Qxe2+ 36. Kxe2 Nxc3+ 37. Ke3 Nxa4 38. Kf4 Kc6 39. Kg5 Nc5 40.
d4 Ne4+ 41. Kg6 Nxg3 42. Kxg7 Kd5 43. Kf6 Nf5 44. a4 Nxd4 45. a5 e5 46. a6 Nc6 47.
Kf5 e4 48. Kf4 Kd4 0-1

[Event "Late-Titled-Tuesday-Blitz-April-02-2024"]
[Site "Chess.com"]
[Date "2024.04.02"]
[Round "4"]
[White "rhwr"]
[Black "Statham_01"]
[Result "0-1"]
[WhiteElo "2290"]
[BlackElo "2618"]
[TimeControl "180+1"]
[EndTime "14:35:35 PDT"]
[Termination "Statham_01 won by resignation"]

1. e4 c5 2. Nf3 Nc6 3. d4 cxd4 4.
Nxd4 e5 5. Nb5 a6 6. N5c3 Nf6 7. Bg5 Bc5 8. Bd3 d6 9. O-O Be6 10. Nd5 Bxd5 11. exd5 Ne7 12. c4 h6 13. Be3 Qc7 14. Bxc5 Qxc5 15. Nc3 O-O 16. Rb1 Rac8 17. b4 Qd4 18. Ne2 Qh4 19. h3 e4 20. Bc2 Rxc4 21. Ng3 e3 22. Nf5 Nxf5 23. Bxf5 Rf4 24. g3 Qg5 25.
Bg4 exf2+ 26. Rxf2 Rxf2 27. Kxf2 Re8 28. Rb3 h5 29. Bf3 h4 30. g4 Qf4 31. Kg1 Qg3+ 32.
Bg2 Re1+ 0-1

[Event "Late-Titled-Tuesday-Blitz-April-02-2024"]
[Site "Chess.com"]
[Date "2024.04.02"]
[Round "4"]
[White "ritanovikova"]
[Black "sorch29"]
[Result "0-1"]
[WhiteElo "2161"]
[BlackElo "2435"]
[TimeControl "180+1"]
[EndTime "14:35:35 PDT"]
[Termination "sorch29 won on time"]

1. e4 c5 2. Nc3 Nc6 3. d3 g6 4.
Be3 d6 5. Qd2 Bg7 6. g3 e5 7.
Bg2 Nd4 8. Nd1 Ne7 9. c3 Ne6 10. Bh6 O-O 11. h4 f5 12. h5 f4 13. hxg6 hxg6 14. Bh3 Bxh6 15. Bxe6+ Bxe6 16. Rxh6 Kg7 17. Rh2 Rh8 18. Rxh8 Qxh8 19. Qe2 Qh2 20. Nf3 Qh1+ 21. Kd2 Bg4 22. Ne3 fxe3+ 0-1

[Event "Late-Titled-Tuesday-Blitz-April-02-2024"]
[Site "Chess.com"]
[Date "2024.04.02"]
[Round "4"]
[White "platy3"]
[Black "Zq1"]
[Result "1-0"]
[WhiteElo "2949"]
[BlackElo "2613"]
[TimeControl "180+1"]
[EndTime "14:35:42 PDT"]
[Termination "platy3 won by resignation"]

1. e4 c5 2. Nf3 d6 3. d4 cxd4 4. Nxd4 Nf6 5. Bd3 Nc6 6. Be3 Ng4 7. Nxc6 bxc6 8. Bd2 Qb6 9. O-O Qxb2 10. Bc3 Qb8 11.
h3 Nf6 12. Nd2 g6 13. Nc4 Bg7 14. e5 Nd5 15. Rb1 Bb7 16. Ba1 dxe5 17. Qe1 O-O 18. Bxe5 Bxe5 19. Qxe5 Qxe5 20. Nxe5 Nb6 21. a4 Bc8 22. a5 Nd5 23. Nxc6 Be6 24. Rb7 Rfe8 25. a6 Kf8 26. Rxa7 Rac8 27. Nd4 Nb4 28. Bb5 Red8 29. Nxe6+ fxe6 30. c4 Rd2 31. Rb7 Ra2 32. a7 Kf7 33. Rb8 1-0

[Event "Late-Titled-Tuesday-Blitz-April-02-2024"]
[Site "Chess.com"]
[Date "2024.04.02"]
[Round "4"]
[White "Kavyev_Ruslan"]
[Black "LeninGuerra"]
[Result "0-1"]
[WhiteElo "2398"]
[BlackElo "2714"]
[TimeControl "180+1"]
[EndTime "14:35:43 PDT"]
[Termination "LeninGuerra won by checkmate"]

1. d4 Nf6 2. c4 c5 3. d5 b5 4.
cxb5 a6 5. e3 g6 6. Nc3 Bg7 7. Nf3 d6 8. bxa6 Bxa6 9. Bxa6 Rxa6 10. O-O O-O 11. a4 Nbd7 12. Re1 Qa8 13. e4 Rb8 14. e5 Ng4 15. e6 fxe6 16. Rxe6 Bf6 17.
Bg5 Rxb2 18. Bxf6 exf6 19. Ne4 f5 20. Qc1 fxe4 21. Qxb2 exf3 22. Re7 Nde5 23. h3 Nf6 24. gxf3 Qf8 25. Re6 Nxf3+ 26. Kg2 Nd4 27. Re3 Ra8 28. Rae1 Nxd5 29. Rg3 Qf7 30. Qb7 Qxb7 31. Kh2 Nf4 32.
Ree3 Rf8 33. Kg1 Qb1+ 34. Kh2 Nde2 35. Rgf3 Qg1# 0-1

[Event "Late-Titled-Tuesday-Blitz-April-02-2024"]
[Site "Chess.com"]
[Date "2024.04.02"]
[Round "4"]
[White "Grischuk"]
[Black "Eagle_2019"]
[Result "1-0"]
[WhiteElo "3080"]
[BlackElo "2869"]
[TimeControl "180+1"]
[EndTime "14:35:48 PDT"]
[Termination "Grischuk won by resignation"]

1. d4 d5 2. Nf3 Nf6 3. Bg5 e6 4. Nbd2 Nbd7 5. e4 dxe4 6. Nxe4 Be7 7. Nxf6+ Bxf6 8. h4 O-O 9. Bd3 b6 10. Be4 Rb8 11.
Qe2 Bb7 12. O-O-O Qe7 13. Bxb7 Rxb7 14. Qe4 Rbb8 15. Kb1 Qd6 16. Bf4 Qd5 17. Qxd5 exd5 18. Bxc7 Rbc8 19. Bd6 Rfe8 20. Rhe1 Re4 21. g3 b5 22. c3 Re6 23. Rxe6 fxe6 24. Re1 Rc6 25. Be5 a5 26. Bf4 Kf7 27. Rc1 Nb6 28. b3 a4 29.
Kb2 h6 30. g4 Kg6 31. g5 Kf5 32. gxf6 Kxf4 33. fxg7 Rc8 34. Ne5 Rg8 35. Rg1 Kf5 36.
Ng4 Kg6 37. h5+ Kg5 38. f4+ 1-0

[Event "Late-Titled-Tuesday-Blitz-April-02-2024"]
[Site "Chess.com"]
[Date "2024.04.02"]
[Round "4"]
[White "cthulhuuu"]
[Black "grandcoach"]
[Result "1-0"]
[WhiteElo "2455"]
[BlackElo "2224"]
[TimeControl "180+1"]
[EndTime "14:35:48 PDT"]
[Termination "cthulhuuu won on time"]

1. e4 c5 2. Nf3 Nc6 3. g3 e5 4. Bg2 g6 5. O-O Bg7 6. d3 Nge7 7. Nc3 O-O 8. Nd2 d6 9. Nc4 f5 10. Nb5 Rf6 11. Bg5 Re6 12. exf5 gxf5 13. Bd5 a6 14.
Nbxd6 b5 15. Nxc8 Qxd5 16. N4b6 Qd8 17. Nxe7+ Nxe7 18. Nxa8 Qxa8 19. Bxe7 Rxe7 20. c3 f4 21. a4 b4 22. cxb4 cxb4 23. Qb3+ Kh8 24. Qxb4 Rf7 25. Qe4 1-0